AoeStats
← MUQofficial

Black Forest

510213088Analyzed
4v4 RM · 2d ago on Sep 30, 2026· 69m 55s· 8 players
Game mode
Random Map
Map size
Large (8 player)
Population
200
Speed
Normal
Resources
Standard
Victory
Conquest
Starting age
Dark Age
Ending age
Imperial Age
RankedLock teamsTeams togetherTeam positionsShared explorationLock speedFull tech treeHidden civsTurbo modeCheats
Victory
Defeat
🇨🇦 Mongols · Canada
1510
+5
🇦🇷 Ethiopians · Argentina
1141
+18
🇵🇰 Inca · Pakistan
1036
+22
🇩🇪 Poles · Germany
1000
+86
🇮🇳 Turks · India
1222
-18
🇲🇽 Mongols · Mexico
1208
-18
🇺🇸 Bohemians · United States
1200
-17
🇨🇴 Celts · Colombia
1159
-16
ValleyMage
1:01 Loom
14:22 Feudal Age
15:42 Double-Bit Axe
18:07 Castle Age
17:10 Double-Bit Axe
17:07 Horse Collar
25:43 Bow Saw
28:14 Wheelbarrow
28:29 Heavy Plow
31:58 Imperial Age
28:52 Pikeman
30:29 Scale Mail Armor
30:40 Forging
31:23 Squires
31:39 Chain Mail Armor
31:39 Wagenburg Tactics
32:44 Chemistry
32:06 Ballistics
31:34 Town Watch
32:37 Hand Cart
32:44 Houfnice
33:58 Halberdier
35:18 Plate Mail Armor
35:23 Iron Casting
38:44 Conscription
40:14 Caravan
54:22 Padded Archer Armor
54:13 Fletching
55:40 Elite Skirmisher
56:51 Bodkin Arrow
58:55 Leather Archer Armor
59:36 Bracer
62:27 Siege Engineers
63:10 Ring Archer Armor
Parenquima
11:26 Feudal Age
12:16 Double-Bit Axe
12:12 Horse Collar
15:39 Castle Age
16:44 Bow Saw
21:24 Loom
23:04 Wheelbarrow
22:27 Stone Mining
24:45 Hand Cart
26:21 Gold Mining
26:31 Loom
26:34 Town Watch
30:05 Imperial Age
27:28 Loom
28:20 Town Watch
28:26 Fletching
28:59 Ballistics
29:06 Padded Archer Armor
29:07 Bodkin Arrow
29:39 Heavy Plow
30:21 Husbandry
30:31 Bloodlines
31:51 Conscription
32:17 Gold Shaft Mining
31:45 Elite Mangudai
33:46 Bracer
34:57 Chemistry
34:39 Conscription
34:47 Masonry
35:12 Leather Archer Armor
35:35 Siege Engineers
40:02 Caravan
41:00 Masonry
42:29 Scale Barding Armor
42:34 Forging
43:43 Chain Barding Armor
42:47 Light Cavalry
43:23 Hussar
44:41 Iron Casting
44:04 Elite Steppe Lancer
45:38 Hoardings
48:32 Blast Furnace
47:49 Town Patrol
58:46 Thumb Ring
59:07 Parthian Tactics
Mayunia
6:35 Loom
11:39 Feudal Age
15:25 Castle Age
13:18 Double-Bit Axe
13:30 Horse Collar
13:47 Gold Mining
14:28 Horse Collar
16:48 Wheelbarrow
23:27 Stone Mining
26:12 Scale Mail Armor
26:22 Forging
27:27 Gambesons
27:28 Arson
28:58 Chain Mail Armor
29:04 Bow Saw
30:20 Iron Casting
35:03 Imperial Age
33:21 Hand Cart
33:20 Town Watch
34:46 Heavy Plow
36:46 Blast Furnace
36:17 Plate Mail Armor
36:44 Conscription
36:04 Elite Woad Raider
37:35 Fletching
37:45 Padded Archer Armor
37:38 Elite Skirmisher
39:36 Bodkin Arrow
40:06 Ballistics
40:47 Chemistry
43:39 Pikeman
45:50 Leather Archer Armor
45:24 Halberdier
52:51 Ring Archer Armor
57:07 Stronghold
57:47 Siege Engineers
57:54 Masonry
57:21 Heavy Scorpion
AztecKiller2427
1:25 Loom
12:26 Feudal Age
16:41 Castle Age
15:33 Double-Bit Axe
18:02 Bow Saw
19:03 Padded Archer Armor
19:58 Padded Archer Armor
23:47 Gold Mining
24:05 Horse Collar
26:20 Padded Archer Armor
29:12 Heavy Plow
31:55 Wheelbarrow
35:24 Imperial Age
33:09 Hand Cart
33:30 Leather Archer Armor
35:10 Hand Cart
39:15 Ring Archer Armor
38:57 Elite Janissary
39:42 Fletching
41:14 Bloodlines
41:04 Husbandry
42:59 Conscription
44:01 Bodkin Arrow
45:58 Scale Barding Armor
46:04 Forging
48:46 Gold Shaft Mining
49:15 Chain Barding Armor
49:31 Iron Casting
52:52 Plate Barding Armor
53:18 Blast Furnace
53:39 Heavy Camel Rider
M ii IR y IK s
6:16 Loom
10:33 Feudal Age
12:18 Double-Bit Axe
12:44 Gold Mining
13:57 Wheelbarrow
13:50 Horse Collar
17:18 Town Watch
21:45 Castle Age
19:55 Stone Mining
20:55 Scale Barding Armor
21:03 Forging
21:27 Fletching
23:56 Hand Cart
24:13 Husbandry
24:41 Bow Saw
24:40 Town Watch
27:14 Chain Barding Armor
27:30 Iron Casting
29:19 Heavy Plow
29:48 Bloodlines
30:24 Szlachta Privileges
32:05 Town Patrol
35:18 Imperial Age
33:14 Arson
33:29 Squires
33:29 Bodkin Arrow
35:32 Light Cavalry
36:20 Town Patrol
36:45 Lechitic Legacy
37:54 Blast Furnace
36:24 Winged Hussar
39:13 Bracer
40:54 Crop Rotation
41:05 Stone Shaft Mining
40:35 Padded Archer Armor
40:37 Scale Mail Armor
41:16 Murder Holes
43:14 Conscription
44:06 Hoardings
44:40 Leather Archer Armor
44:41 Chain Mail Armor
45:36 Coinage
46:11 Elite Skirmisher
51:52 Banking
51:21 Sappers
52:39 Elite Obuch
53:14 Pikeman
57:57 Caravan
61:42 Thumb Ring
61:34 Guard Tower
61:32 Arrowslits
62:08 Ballistics
64:58 Chemistry
64:11 Fortified Wall
64:11 Masonry
64:09 Siege Engineers
67:28 Keep
67:28 Bombard Tower
66:50 Treadmill Crane
69:11 Cavalier
MUQofficial
10:15 Feudal Age
10:42 Double-Bit Axe
14:29 Loom
16:59 Castle Age
14:53 Horse Collar
15:13 Gold Mining
18:12 Bow Saw
18:42 Heavy Plow
19:35 Wheelbarrow
20:04 Wheelbarrow
20:26 Scale Mail Armor
24:00 Hand Cart
23:30 Town Watch
23:31 Champi Runner
24:29 Champi Warrior
25:26 Chain Mail Armor
25:32 Stone Mining
26:06 Forging
26:04 Squires
28:37 Iron Casting
37:50 Imperial Age
35:17 Fletching
38:36 Elite Champi Warrior
39:21 Fabric Shields
39:45 Conscription
44:58 Plate Mail Armor
45:28 Blast Furnace
46:28 Thumb Ring
46:22 Bodkin Arrow
48:14 Ballistics
48:07 Masonry
47:38 Treadmill Crane
48:51 Bracer
48:53 Padded Archer Armor
49:03 Murder Holes
53:20 Siege Engineers
66:36 Gold Shaft Mining
65:57 Arson
68:29 Leather Archer Armor
chaqinha
11:39 Feudal Age
13:52 Double-Bit Axe
13:53 Horse Collar
16:33 Castle Age
22:46 Loom
23:41 Wheelbarrow
22:52 Town Watch
37:58 Bow Saw
37:41 Gold Mining
37:46 Stone Mining
38:10 Heavy Plow
40:02 Crossbowman
40:47 Thumb Ring
44:34 Imperial Age
44:28 Fletching
44:38 Padded Archer Armor
44:43 Arbalester
45:46 Ballistics
46:26 Chemistry
46:21 Bodkin Arrow
46:41 Leather Archer Armor
47:46 Bracer
49:34 Ring Archer Armor
54:58 Two-Man Saw
VIT | Hera
1:00 Loom
11:37 Feudal Age
12:28 Double-Bit Axe
13:11 Horse Collar
15:40 Castle Age
16:25 Heavy Plow
16:38 Bow Saw
20:16 Wheelbarrow
21:14 Hand Cart
21:21 Gold Mining
22:49 Stone Mining
28:29 Imperial Age
25:54 Fletching
26:39 Ballistics
27:58 Bodkin Arrow
28:14 Masonry
29:13 Bracer
30:14 Chemistry
30:02 Town Watch
29:47 Elite Mangudai
30:28 Padded Archer Armor
30:55 Bloodlines
31:13 Husbandry
31:52 Siege Engineers
33:09 Conscription
33:09 Drill
33:21 Coinage
32:34 Onager
34:17 Town Patrol
34:47 Leather Archer Armor
35:04 Parthian Tactics
34:45 Thumb Ring
35:19 Banking
35:15 Siege Onager
38:01 Nomads
38:37 Hoardings
40:08 Caravan
46:52 Murder Holes
64:04 Herbal Medicine
Connection lost

Rejoining the realm…

Still unreachable

The connection could not be restored.

Session expired

The server has moved on; the page needs a fresh start.